 Dungeon Crawl Stone Soup version 0.31-a0-222-gefeffbb62a (webtiles) character file.

Game seed: 7491315714345131862

277 qw the Shooter (level 6, 0/35 HPs)
             Began as a Gargoyle Hexslinger on July 4, 2023.
             Slain by an ogre
             ... wielding a +0 giant club
              (24 damage)
             ... on level 4 of the Dungeon.
             The game lasted 00:01:02 (2410 turns).

qw the Shooter (Gargoyle Hexslinger)                Turns: 2410, Time: 00:01:03

Health: 0/35       AC: 16    Str: 11    XL:     6   Next: 26%
Magic:  7/7        EV: 10    Int: 14    God:
Gold:   150        SH:  0    Dex: 14    Spells: 6/7 levels left

rFire   + . .        Y - +2 sling
rCold   . . .        (no shield)
rNeg    + . .        l - +0 ring mail
rPois   inf          q - +0 helmet
rElec   +            t - +0 cloak
rCorr   .            (no gloves)
SInv    .            (no boots)
Will    .....        (no amulet)
Stlth   +            d - ring of protection from fire
HPRegen 0.25/turn    f - +4 ring of protection
MPRegen 0.10/turn

%: no passive effects
@: no status effects
A: sickness immunity, AC +4, negative energy resistance 1, electricity
resistance, torment resistance 1, petrification resistance
a: no special abilities


You were on level 4 of the Dungeon.
You visited 1 branch of the dungeon, and saw 4 of its levels.

You collected 150 gold pieces.


Innate Abilities, Weirdness & Mutations

You are immune to sickness and miasma.
Your stone body is resilient. (AC +4)
You are immune to poison.
You resist negative energy. (rN+)
You are resistant to electric shocks. (rElec)
You are resistant to unholy torment.
You are immune to petrification.


   Skills:
 + Level 2.2 Fighting
 - Level 5.0 Ranged Weapons
 - Level 3.4 Armour
 - Level 1.5 Dodging
 - Level 1.0 Spellcasting
 - Level 2.6 Hexes


You had 6 spell levels left.
You knew the following spells:

 Your Spells              Type           Power      Damage    Failure   Level
a - Slow                  Hex            32%        N/A       21%         1

Your spell library contained the following spells:

 Spells                   Type           Power      Damage    Failure   Level
 Inner Flame              Hex/Fire       4%         N/A       71%         3
 Portal Projectile        Hex/Tloc       8%         N/A       71%         3
 Cause Fear               Hex            4%         N/A       89%         4

Inventory:

Hand Weapons
 Y - a +2 sling (weapon)
Armour
 l - a +0 ring mail (worn)
 q - a +0 helmet (worn)
 t - a +0 cloak (worn)
Jewellery
 c - a ring of resist corrosion
 d - a ring of protection from fire (left hand)
 f - a +4 ring of protection (right hand)
 j - a ring of protection from fire
Wands
 s - a wand of digging (9)
Scrolls
 a - a scroll of identify
Potions
 b - 3 potions of cancellation
 e - a potion of resistance
 g - a potion of invisibility {unknown}
 h - a potion of haste {unknown}
 m - a potion of enlightenment {unknown}
 o - a potion of mutation {unknown}

Dungeon Overview and Level Annotations

Branches:
Dungeon (4/15)
 Temple: D:4-7

Altars:


Message History

An adder comes into view.
The adder hisses angrily.
Enter note: You shoot a sling bullet.
The sling bullet barely misses the adder.
You shoot a sling bullet. The sling bullet hits the adder.
The adder is moderately wounded.
You shoot a sling bullet.
The sling bullet closely misses the adder.
You shoot a sling bullet. The sling bullet hits the adder.
The adder is heavily wounded.
The adder misses you. The adder barely misses you.
You shoot a sling bullet. The sling bullet hits the adder.
The adder is almost dead.
The adder bites you but does no damage.
You shoot a sling bullet.
The sling bullet barely misses the adder.
The adder barely misses you. The adder closely misses you.
You shoot a sling bullet.
The sling bullet hits the adder but does no damage.
The adder is almost dead.
The adder barely misses you. The adder bites you but does no damage.
You shoot a sling bullet. The sling bullet hits the adder.
You kill the adder!
An ogre comes into view. It is wielding a +0 giant club.
Enter note:
Enter note: You shoot a sling bullet.
The ogre shouts!
The sling bullet hits the ogre.
The ogre is lightly wounded.
You shoot a sling bullet.
The sling bullet hits the ogre but does no damage.
The ogre is lightly wounded.
The ogre hits you with a +0 giant club!
You shoot a sling bullet. The sling bullet hits the ogre.
The ogre is moderately wounded.
The ogre hits you with a +0 giant club!!
Ouch! That really hurt!
You die...

.#.##..#.##..#.##..#.##..####
.##.#..##.#..##.#..##.#..########
#....##....##....##....##........
..77.#..77.#..77.#..77.#.........
#.77..#.77..#.77..#.77..#.######
#....##....##....##....##.##
.#.##..#.##..#.##..#.##....#
.##.#..##.#..##O#..##.#....##
#....##....##...@##....##...#
..77.#..77.#..77.#..77)#....#
#.77..#.77..#.77..#.77..##..#
#....##....##....##....###..#
.#.##..#.##..# ##..#.##..#..##
.##.#..##.#..##.#..##.#......###
#....##....##....##....###......
..77.#..77.#..7 .#..77.#....>...
#.77..#.77..#.77..#.77..#.......


You could see an ogre.

Vanquished Creatures
  A black bear (D:3)
  A scorpion (D:4)
  Robin (D:3)
  5 adders
  A worm (D:4)
  2 dart slugs
  An orc (D:4)
  5 bats
  3 endoplasms
  4 giant cockroaches
  15 goblins
  5 hobgoblins
  3 kobolds (D:1)
  2 quokkas
  6 ball pythons
  5 frilled lizards
  6 rats
66 creatures vanquished.

Notes
Turn   | Place    | Note
-------+----------+-------------------------------------------
     0 | D:1      | qw the Gargoyle Hexslinger began the quest for the Orb.
     0 | D:1      | Reached XP level 1. HP: 12/12 MP: 2/2
     0 | D:1      | 0 ||| qw: Version: 0.3-a-46-gb1f654a
     0 | D:1      | 0 ||| qw: Game counter: 882
     0 | D:1      | 0 ||| qw: Melee chars always use a shield: true
     0 | D:1      | 0 ||| qw: God list: Okawaru
     0 | D:1      | 0 ||| qw: Allow faded altars: false
     0 | D:1      | 0 ||| qw: Do Orc after clearing Dungeon:15 true
     0 | D:1      | 0 ||| qw: Do second Lair branch before Depths: true
     0 | D:1      | 0 ||| qw: Lair rune preference: random
     0 | D:1      | 0 ||| qw: Goals: Normal
     0 | D:1      | 0 ||| PLANNING D:1-11
    60 | D:1      | Reached XP level 2. HP: 16/16 MP: 3/3
   144 | D:1      | Found a faded altar of an unknown god.
   252 | D:1      | Reached skill level 3 in Ranged Weapons
   424 | D:1      | Reached XP level 3. HP: 6/21 MP: 4/4
   655 | D:1      | 655 ||| UPGRADING to +0 ring mail.
   665 | D:1      | 665 ||| DROPPING +0 robe.
   666 | D:1      | 666 ||| UPGRADING to ring of protection from fire.
   667 | D:1      | 667 ||| UPGRADING to ring of protection from fire.
   668 | D:1      | 668 ||| READING 4 scrolls labelled KYUKE FUIKK.
   669 | D:1      | 669 ||| READING scroll labelled XITIGROIMAGI.
   670 | D:1      | 670 ||| READING 3 scrolls of identify.
   670 | D:1      | 670 ||| IDENTIFYING smoky yellow potion
   671 | D:1      | 671 ||| READING 2 scrolls of identify.
   671 | D:1      | 671 ||| IDENTIFYING puce potion
   672 | D:1      | 672 ||| DROPPING scroll of poison.
   673 | D:1      | 673 ||| DROPPING potion of degeneration.
  1215 | D:2      | 1215 ||| UPGRADING to +4 ring of protection.
  1217 | D:2      | 1217 ||| READING scroll labelled BAYNKO SATO.
  1218 | D:2      | 1218 ||| DRINKING 3 smoky coppery potions.
  1224 | D:2      | 1224 ||| DROPPING 2 potions of ambrosia.
  1363 | D:3      | Reached XP level 4. HP: 26/26 MP: 5/5
  1556 | D:3      | Reached skill level 4 in Ranged Weapons
  1577 | D:3      | Noticed a black bear
  1598 | D:3      | Killed a black bear
  1599 | D:3      | Reached skill level 3 in Armour
  1599 | D:3      | Reached XP level 5. HP: 12/30 MP: 6/6
  1772 | D:3      | Noticed Robin
  1788 | D:3      | Killed Robin
  1957 | D:3      | 1957 ||| UPGRADING to +0 helmet.
  1962 | D:3      | 1962 ||| UPGRADING to +0 cloak.
  1967 | D:3      | 1967 ||| READING scroll labelled ASEOTE WUSTROM.
  1968 | D:3      | 1968 ||| READING scroll labelled WECUUMO DALUSU.
  1969 | D:3      | 1969 ||| READING scroll labelled TAVVOH DAGRUG.
  1972 | D:3      | 1972 ||| READING scroll labelled MURAPE VU ROUFEMNO.
  2073 | D:3      | 2073 ||| DRINKING 2 sapphire potions.
  2111 | D:3      | 2111 ||| READING 2 scrolls of identify.
  2111 | D:3      | 2111 ||| IDENTIFYING bubbling black potion
  2112 | D:3      | 2112 ||| DROPPING potion of lignification.
  2164 | D:4      | Reached XP level 6. HP: 31/35 MP: 7/7
  2271 | D:4      | Reached skill level 5 in Ranged Weapons
  2410 | D:4      | Slain by an ogre

Levels and vault maps discovered:
D:1:      roderic_chinese_lattice_arrival, layout_loops_cross,
          dreamdust_ecumenical_altar_angels_and_demons
D:2:      layout_basic
D:3:      layout_basic, kennysheep_another_room, uniq_robin
D:4:      layout_layer_cave, kennysheep_mini, nicolae_eternal_life

Skill      XL: |  1  2  3  4  5  6 |
---------------+-------------------+-----
Ranged Weapons | 3 4 5 |  5.0
Fighting       | 2 |  2.2
Armour         | 3 |  3.4
Dodging        | |  1.5
Spellcasting   | |  1.0
Hexes          | |  2.6

Action                     |  1- 3 |  4- 6 || total
---------------------------+-------+-------++-------
   Fire: Sling             |   133 |   128 ||   261
    Use: Scroll            |     5 |     5 ||    10
         Potion            |     1 |     1 ||     2
 Armour: Robe              |     6 |       ||     6
         Ring mail         |    20 |    85 ||   105
  Dodge: Dodged            |    58 |    78 ||   136

Table legend:
 A = Non-vault XP
 B = Vault XP
 C = Vault XP percentage of total XP
 D = Non-vault monster count
 E = Vault monster count
 F = Vault count percentage of total count
                 A         B        C        D         E       F
            +---------+---------+-------+---------+---------+-------
      Total |     360 |      37 |   9.3 |      53 |      13 |  19.7
            +---------+---------+-------+---------+---------+-------
        D:1 |      43 |       0 |   0.0 |      25 |       0 |   0.0
        D:2 |      22 |       0 |   0.0 |       7 |       0 |   0.0
        D:3 |     175 |      37 |  17.5 |      13 |      13 |  50.0
        D:4 |     120 |       0 |   0.0 |       8 |       0 |   0.0
            +---------+---------+-------+---------+---------+-------
